 Dungeon Crawl Stone Soup version 0.17-a0-186-g8d083fd (webtiles) character file.

45 squibie the Magician (level 3, -6/19 HPs)
             Began as a Deep Elf Wizard on Mar 27, 2015.
             Mangled by an orc
             ... wielding a +0 short sword
              (7 damage)
             ... on level 3 of the Dungeon.
             The game lasted 00:02:28 (1267 turns).

squibie the Magician (Deep Elf Wizard)              Turns: 1267, Time: 00:02:28

Health: -6/19      AC:  2    Str:  4    XL:     3   Next: 42%
Magic:  2/14       EV: 13    Int: 23    God:
Gold:   105        SH:  0    Dex: 17    Spells: 1 memorised, 12 levels left

rFire  . . .     SeeInvis .     (no weapon)
rCold  . . .     Clarity  .     a - +0 robe
rNeg   . . .     SustAb   +     (no shield)
rPois  .         Gourm    +     b - +0 hat
rElec  .         Spirit   .     (no cloak)
rCorr  .         Warding  .     (no gloves)
rMut   .         Stasis   .     (no boots)
MR     .....                    t - amulet of the gourmand
Stlth  ++........               m - ring of sustain abilities
                                p - +4 ring of dexterity

@: not resistant to hostile enchantments, unstealthy
A: no striking features
a: no special abilities


You were on level 3 of the Dungeon.
You were not hungry.

You visited 1 branch of the dungeon, and saw 3 of its levels.

You collected 105 gold pieces.

Inventory:

Missiles
 s - 4 tomahawks (quivered)
Armour
 a - a +0 robe (worn)
 b - a +0 hat (worn)
Jewellery
 m - a ring of sustain abilities (right hand)
 p - a +4 ring of dexterity (left hand)
 t - an amulet of the gourmand (around neck)
Scrolls
 e - 4 scrolls of identify
 f - 2 scrolls of remove curse
 i - a scroll of recharging {unknown}
 l - 3 scrolls of teleportation {unknown}
 n - a scroll of noise {unknown}
 o - 2 scrolls of blinking {unknown}
 q - a scroll of random uselessness {unknown}
Potions
 j - a potion of curing
 k - a potion of agility {unknown}
 r - 2 potions of haste {unknown}
 u - a potion of restore abilities {unknown}
 v - 2 potions of brilliance {unknown}
 w - a potion of heal wounds {unknown}
Books
 c - a book of Minor Magic

   Spells                             Type                      Level
   a - Magic Dart                     Conjuration                  1
   b - Blink                          Translocation                2
   c - Call Imp                       Summoning                    2
   d - Repel Missiles                 Charms/Air                   2
   e - Slow                           Hexes                        2
   f - Conjure Flame                  Conjuration/Fire             3
   g - Mephitic Cloud                 Conjuration/Poison/Air       3
Comestibles
 d - 2 bread rations
 g - 5 meat rations
 h - 2 fruits


   Skills:
 - Level 2.4 Dodging
 - Level 2.4 Stealth
 + Level 5.5 Spellcasting
 - Level 2.5 Conjurations
   Level 1.1 Summonings
   Level 1.1 Translocations


You had 12 spell levels left.
You knew the following spells:

 Your Spells              Type           Power        Failure   Level  Hunger
a - Magic Dart            Conj           ###.         3%          1    None


Dungeon Overview and Level Annotations

Branches:
Dungeon (3/15)

Altars:
Okawaru


Message History

The orc is moderately wounded.
The orc misses you.
Casting: Magic Dart
Confirm with . or Enter, or press ? or * to list all spells.
Aiming: Magic Dart
Press: ? - help, Shift-Dir - straight line, f/p - orc
Aim: an orc, wielding a short sword and wearing a ring mail (moderately wounded)
The magic dart hits the orc.
The orc is heavily wounded.
The orc hits you with a short sword.
* * * LOW HITPOINT WARNING * * *
Casting: Magic Dart
Confirm with . or Enter, or press ? or * to list all spells.
Aiming: Magic Dart
Press: ? - help, Shift-Dir - straight line, f/p - orc
Aim: an orc, wielding a short sword and wearing a ring mail (heavily wounded)
The magic dart hits the orc.
The orc is severely wounded.
The orc hits you with a short sword!
You die...

##########
#......... ##
#.######## #.#
#.# ##
#.########.# #.
#@.......รท## #.
#o#########.##
#. ...
...<....#.#####.
##.#
....#.###......
#.
##.....#.......
#. #...>..######
. ######.# # #.#
#.#


You could see an orc.

Vanquished Creatures
  A shadow imp (D:3)
  A giant gecko (D:1)
  An orc (D:3)
  5 bats
  2 giant cockroaches (D:1)
  4 hobgoblins
  4 kobolds
  A quokka (D:2)
  2 ball pythons (D:2)
  3 giant newts
  5 goblins
  7 rats
36 creatures vanquished.

Notes
Turn   | Place    | Note
--------------------------------------------------------------
     0 | D:1      | squibie, the Deep Elf Wizard, began the quest for the Orb.
     0 | D:1      | Reached XP level 1. HP: 10/10 MP: 6/6
   238 | D:1      | Reached XP level 2. HP: 15/15 MP: 6/9
   836 | D:2      | Reached skill level 5 in Spellcasting
   922 | D:2      | Found an iron altar of Okawaru.
   924 | D:2      | Reached XP level 3. HP: 19/19 MP: 10/14
  1267 | D:3      | Mangled by an orc

Action                   || total
-------------------------++-------
 Cast: Magic Dart        ||    65
  Use: Scroll            ||     3
  Eat: Chunk             ||     3
